 Dungeon Crawl Stone Soup version 0.28-a0-529-g3bad584f25 (webtiles) character file.

Game seed: 376836494042665362

15287 omnomnOMINOUS the Frost Mage (level 12, -24/84 HPs)
             Began as an Octopode Wanderer on Sept 24, 2021.
             Was a Priest of the Shining One.
             Annihilated by an orc knight (48 damage)
             ... in a bailey on Sept 25, 2021.
             The game lasted 00:40:29 (10789 turns).

omnomnOMINOUS the Frost Mage (Octopode Wanderer)   Turns: 10789, Time: 00:40:29

Health: -24/84     AC:  1    Str: 12    XL:     12   Next: 25%
Magic:  17/20      EV: 16    Int: 19    God:    the Shining One [***...]
Gold:   430        SH:  0    Dex: 11    Spells: 10/15 levels left

rFire   + . .      SeeInvis .   b - +3 halberd
rCold   . . .      Faith    .   (shield currently unavailable)
rNeg    + . .      Spirit   .   (helmet restricted)
rPois   .          Reflect  .   p - amulet of the acrobat
rElec   .          Harm     .   D - +4 ring of slaying
rCorr   +          Rampage  .   s - ring of protection from fire
Will    .....                   L - ring of resist corrosion
Stlth   ++........              (no ring)
HPRegen 0.24/turn               (no ring)
MPRegen 0.17/turn               (no ring)
                                (no ring)
                                (no ring)

@: mighty, brilliant, freezing walls, glowing
A: almost no armour, amphibious, 8 rings, camouflage 1, gelatinous body 1,
(nimble swimmer 1), tentacles
a: Renounce Religion, Divine Shield


You were in a bailey.
You worshipped the Shining One.
The Shining One was most pleased with you.
You visited 2 branches of the dungeon, and saw 10 of its levels.
You also visited: Sewer and Bailey.

You collected 430 gold pieces.

Inventory:

Hand Weapons
 a - a +2 short sword of electrocution
 b - a +3 halberd (weapon)
 c - a +2 dagger of electrocution
 d - a +0 flail of holy wrath
 e - a +2 dagger of venom
 M - a +0 vorpal spear
Missiles
 B - a curare-tipped dart
 F - a throwing net (quivered)
Magical Staves
 v - a staff of air
Jewellery
 p - an amulet of the acrobat (around mantle)
 s - a ring of protection from fire (right tentacle)
 D - a +4 ring of slaying (left tentacle)
 L - a ring of resist corrosion (on tentacle)
Wands
 H - a wand of iceblast (8)
 J - a wand of digging (2)
Scrolls
 i - a scroll of fear {unknown}
 k - 2 scrolls of silence
 n - 2 scrolls of fog
 q - a scroll of noise {unknown}
 r - 4 scrolls of enchant armour
 t - a scroll of amnesia {unknown}
 w - 2 scrolls of teleportation
 y - a scroll of enchant weapon
 G - 2 scrolls of blinking
 I - a scroll of immolation {unknown}
Potions
 f - 6 potions of flight
 g - 6 potions of mutation
 h - 8 potions of heal wounds
 j - a potion of ambrosia {unknown}
 l - 4 potions of might
 m - a potion of attraction {unknown}
 o - 4 potions of haste
 u - a potion of magic {unknown}
 x - a potion of curing {unknown}
 z - 2 potions of brilliance
 A - a potion of cancellation {unknown}
 C - a potion of resistance {unknown}


   Skills:
 + Level 8.7 Fighting
 + Level 8.7 Dodging
 - Level 4.0 Stealth
 - Level 2.0 Unarmed Combat
 - Level 2.0 Spellcasting
 + Level 11.7 Ice Magic
 + Level 11.5 Invocations


You had 10 spell levels left.
You knew the following spells:

 Your Spells              Type           Power      Damage    Failure   Level
a - Freeze                Ice            100%       1d11      1%          1
b - Frozen Ramparts       Ice            100%       1d12      1%          3
c - Apportation           Tloc           4%         N/A       17%         1

Your spell library contained the following spells:

 Spells                   Type           Power      Damage    Failure   Level
 Hailstorm                Conj/Ice       36%        3d9       16%         4
 Pain                     Necr           8%         1d4       17%         1
 Corpse Rot               Necr/Air       N/A        N/A       26%         2
 Poisonous Vapours        Pois/Air       4%         N/A       26%         2
 Gell's Gravitas          Tloc           1%         N/A       45%         3
 Lesser Beckoning         Tloc           2%         N/A       45%         3
 Teleport Other           Tloc           2%         N/A       45%         3
 Agony                    Necr           2%         N/A       99%         5
 Alistair's Intoxication  Tmut/Pois      1%         N/A       99%         5
 Excruciating Wounds      Necr           1%         N/A       99%         5
 Conjure Ball Lightning   Conj/Air       1%         3x3d6     100%        6
 Invisibility             Hex            1%         N/A       100%        6
 Discord                  Hex            1%         N/A       100%        8
 Disjunction              Tloc           1%         N/A       100%        8


Dungeon Overview and Level Annotations

Branches:
Dungeon (9/15)             Temple (1/1) D:5           Sewer (visited)
 Bailey (1/1)
   Lair: D:8-11         Orc: D:9-12

Altars:
Ashenzari
Cheibriados
Dithmenos
Elyvilon
Fedhas
Gozag
Hepliaklqana
Kikubaaqudgha
Makhleb
Nemelex Xobeh
Okawaru
Qazlal
Ru
Sif Muna
Trog
Uskayaw
Vehumet
Wu Jian
Yredelemnul
Zin
The Shining One

Shops:
D:1 (:?:=   D:6 (

Annotations:
D:3 1 runed translucent door, exclusion: sky beast, Crazy Yiuf, Sigmund
D:7 Joseph
D:8 exclusion: statue, Erica, Harold, Psyche


Innate Abilities, Weirdness & Mutations

You cannot wear most types of armour.
You are amphibious.
You can wear up to eight rings at the same time.
Your skin changes colour to match your surroundings (Stealth+).
Your rubbery body absorbs attacks. (AC +1, EV +1)
((You are camouflaged near water. (Stealth+)))
You have tentacles for arms and can constrict up to eight enemies at once.


Message History

The orc knight is severely wounded.
You constrict the orc knight, but do no damage.
The wall freezes the orc knight!
The orc knight roars a battlecry!
The orc knight goes into a battle-frenzy!
The orc knight roars a battlecry!
The orc knight goes into a battle-frenzy!
The wall freezes the orc knight!
You kill the orc knight!
You are too injured to fight recklessly!
Reach: b) +3 halberd
Press: ? - help, Dir - move target, f - orc knight
Aim: an orc knight, wielding a +0 bardiche and wearing a +0 scale mail (strong, haloed, about 27% to evade your +3 halberd)
You reach to attack!
You slice the orc knight!!
The orc knight is moderately wounded.
The wall freezes the orc knight!
The orc knight hits you from afar with a +0 bardiche!!
* * * LOW HITPOINT WARNING * * *
You feel much better.
The frozen ramparts melt away.
The orc knight barely misses you.
Unknown command.
Reach: b) +3 halberd
Press: ? - help, Dir - move target, f/p - orc knight
Aim: an orc knight, wielding a +0 bardiche and wearing a +0 scale mail (heavily wounded, strong, haloed, about 27% to evade your +3 halberd)
Okay, then.
Unknown command.
Casting: Frozen Ramparts (safe; 1% risk of failure)
Confirm with . or Enter, or press ? or * to list all spells.
Casting: Frozen Ramparts (safe; 1% risk of failure)
Press: ? - help, Dir - look around, f - activate This square is lit by a halo.
You feel a surge of power!
The walls around you are covered in ice.
The wall freezes the orc knight.
The orc knight hits you from afar with a +0 bardiche!!
* * * LOW HITPOINT WARNING * * *
You feel much better.
The wall freezes the orc knight.
The orc knight hits you from afar with a +0 bardiche!!!
Ouch! That really hurt!
You die...

############ #######
#.∩........## ##.....#########
............######.......#.....#.
............#...)#).....o'.....'.
∩...........'...[)o......'.....'.
...)).......#...@#[......o....o'.
...)).......######.......#.....#.
#.∩))).....## ##.....#########
############ #######


You could see an orc knight (strong).

Vanquished Creatures
  2 orc knights (Bailey)
  A gargoyle (D:7)
  Prince Ribbit (D:8)
  A wyvern (D:8)
  3 yaks (D:8)
  Menkaure (D:5)
  Edmund (D:4)
  A water moccasin (D:6)
  6 orc warriors
  2 black bears
  2 sky beasts
  2 hornet zombies
  4 ogres
  A centaur (D:4)
  3 bullfrogs
  2 kobold brigands (Sewer)
  A gnoll sergeant (D:8)
  A wyvern skeleton (D:7)
  A scorpion (D:5)
  A water moccasin zombie (D:5)
  A bullfrog zombie (D:7)
  A centaur zombie (D:8)
  6 hounds
  3 jellies
  2 gnoll shamans
  3 orc priests (D:6)
  A bullfrog skeleton (D:6)
  3 iguanas (D:6)
  6 orc wizards
  Natasha (thrice) (D:2)
  A hound zombie (D:5)
  A hound skeleton (D:5)
  Robin (D:4)
  18 gnolls
  7 adders
  A river rat (Sewer)
  2 white imps
  2 ufetubi
  A worm (D:2)
  3 dart slugs
  42 orcs
  8 ball pythons
  10 bats
  10 endoplasms
  4 giant cockroaches
  20 goblins
  9 hobgoblins
  3 jackals (D:2)
  4 quokkas
  4 frilled lizards
  17 kobolds
  A quokka skeleton (D:4)
  4 rats
239 creatures vanquished.

Vanquished Creatures (others)
  8 fungi (D:5)
8 creatures vanquished.

Grand Total: 247 creatures vanquished

Notes
Turn   | Place    | Note
-------+----------+-------------------------------------------
     0 | D:1      | omnomnOMINOUS the Octopode Wanderer began the quest for the
                  | Orb.
     0 | D:1      | omnomnOMINOUS set off with the following items: a +0 club,
                  | a potion of haste, a potion of lignification, a scroll of
                  | teleportation, a scroll of blinking, a +0 dagger
     0 | D:1      | Reached XP level 1. HP: 16/16 MP: 1/1
   122 | D:1      | Reached XP level 2. HP: 21/21 MP: 2/2
   163 | D:1      | Learned a level 1 spell: Freeze
   438 | D:1      | Found a faded altar of an unknown god.
   447 | D:1      | Became a worshipper of Elyvilon the Healer
   447 | D:1      | Reached * piety under Elyvilon
   578 | D:1      | Found Ikhiaram's Magic Scroll Shoppe.
   579 | D:1      | Found Cuseigob's Book Emporium.
   772 | D:1      | Reached XP level 3. HP: 26/26 MP: 3/3
   859 | D:1      | Found Upunibba's Weapon Shoppe.
   951 | D:1      | Found Giquimiw's Book Shoppe.
   980 | D:1      | Found Yfeuhow's Jewellery Boutique.
  1364 | D:2      | Noticed Natasha
  1430 | D:2      | Killed Natasha
  1431 | D:2      | Reached skill level 1 in Spellcasting
  1431 | D:2      | Reached skill level 1 in Ice Magic
  1434 | D:2      | Reached XP level 4. HP: 18/31 MP: 0/5
  1730 | D:2      | Reached ** piety under Elyvilon
  1937 | D:2      | Learned a level 3 spell: Frozen Ramparts
  1999 | D:2      | Noticed Natasha
  2021 | D:2      | Killed Natasha
  2022 | D:2      | Reached XP level 5. HP: 22/36 MP: 3/7
  2149 | D:2      | Noticed Natasha
  2153 | D:2      | Killed Natasha
  2391 | D:3      | Found a runed translucent door.
  2392 | D:3      | Noticed Crazy Yiuf
  2482 | D:3      | Noticed Sigmund
  3032 | D:3      | Noticed a sky beast
  3505 | D:4      | Reached *** piety under Elyvilon
  3567 | D:4      | Reached XP level 6. HP: 43/43 MP: 9/9
  4150 | D:4      | Noticed Robin
  4174 | D:4      | Noticed Edmund
  4236 | D:4      | Killed Edmund
  4237 | D:4      | Reached XP level 7. HP: 30/49 MP: 3/10
  4399 | D:4      | Killed Robin
  4441 | D:4      | Reached skill level 5 in Fighting
  4688 | D:5      | Entered Level 5 of the Dungeon
  4757 | D:5      | Found a staircase to the Ecumenical Temple.
  4769 | Temple   | Entered the Ecumenical Temple
  4925 | Temple   | Fell from the grace of Elyvilon
  4925 | Temple   | Became a worshipper of the Shining One
  4925 | Temple   | Reached * piety under the Shining One
  4953 | D:5      | Reached skill level 5 in Dodging
  4981 | D:5      | Noticed Menkaure
  4981 | D:5      | Reached ** piety under the Shining One
  4997 | D:5      | Killed Menkaure
  5268 | D:5      | Found a glowing drain.
  5281 | Sewer    | Entered a sewer
  5527 | Sewer    | Reached XP level 8. HP: 38/56 MP: 11/11
  6120 | D:5      | Reached skill level 5 in Ice Magic
  6776 | D:6      | HP: 2/58 [something/puff of flame (5)]
  6786 | D:6      | Reached XP level 9. HP: 26/63 MP: 7/12
  7196 | D:6      | Learned a level 1 spell: Apportation
  7623 | D:6      | Found Atiengeu's Antique Weapon Shoppe.
  7751 | D:6      | Reached *** piety under the Shining One
  7988 | D:7      | Noticed Joseph
  8382 | D:7      | Noticed a gargoyle
  8387 | D:7      | Killed a gargoyle
  9186 | D:8      | Reached XP level 10. HP: 72/72 MP: 12/18
  9187 | D:8      | Reached XP level 11. HP: 77/77 MP: 12/19
  9255 | D:8      | Noticed Prince Ribbit
  9312 | D:8      | Killed Prince Ribbit
  9313 | D:8      | Reached XP level 12. HP: 84/84 MP: 17/20
  9331 | D:8      | Noticed Harold
  9331 | D:8      | Noticed Psyche
  9514 | D:8      | Noticed Erica
  9806 | D:8      | Found a radiant altar of Vehumet.
 10039 | D:9      | Found a flagged portal.
 10085 | Bailey   | Entered a bailey
 10788 | Bailey   | HP: 4/84 [orc knight (29)]
 10789 | Bailey   | Annihilated by an orc knight

Illustrated notes

Levels and vault maps discovered:
D:1:      heliophobic_arrival_battle_scene, layout_basic, serial_shops,
          shop_statue, shop, shop, shop, nicolae_square_shop,
          dreamdust_ecumenical_altar_statues, minmay_statues_item,
          minmay_tetromino_l2
D:2:      layout_rooms, kennysheep_generic_room_2, uniq_natasha
D:3:      layout_loops_ring, uniq_crazy_yiuf_cottage, uniq_sigmund
D:4:      layout_loops_ring, uniq_edmund, uniq_robin
D:5:      layout_basic, minmay_temple_entry_crystal_x, portal_sewer_entry_d,
          serial_aquarium, aquarium_bridge_square [aquarium_subvault_bridge,
          aquarium_subvault_wall, aquarium_subvault_wall,
          aquarium_subvault_wall], aquarium_window_fake, aquarium_window_fake,
          aquarium_window_1, aquarium_view_2d, aquarium_view_2g,
          minmay_splitting_lines, small_statue_intersection, uniq_menkaure
D:6:      layout_rooms, serial_shops, nicolae_shop_behind_doors,
          corexii_leaking_fountain
D:7:      layout_basic, minmay_crossroads, uniq_joseph
D:8:      layout_cave_pools, vehumet_statue, uniq_harold, uniq_psyche,
          uniq_erica, uniq_prince_ribbit1
D:9:      layout_cave_pools, overflow_temple_1_default, enter_bailey_5,
          hangedman_decor_slide_cut, nicolae_shop_gadgets
Temple:   regret_index_temple_chain_breaker
Bailey:   bailey_polearm_5, bailey

Skill      XL: |  1  2  3  4  5  6  7  8  9 10 |
---------------+-------------------------------+-----
Dodging        | 3 4 5 6 8 |  8.7
Spellcasting   | 1 2 |  2.0
Ice Magic      | 1 2 3 4 6 7 11 | 11.7
Fighting       | 4 5 6 8 |  8.7
Invocations    | 11 | 11.5
Stealth        | |  4.0
Unarmed Combat | |  2.0

Action                   |  1- 3 |  4- 6 |  7- 9 | 10-12 || total
-------------------------+-------+-------+-------+-------++-------
Melee: Dagger            |    56 |   121 |    39 |       ||   216
       Tentacles         |     7 |    18 |    28 |     5 ||    58
       Constrict         |    14 |    21 |    33 |     6 ||    74
       Punch             |       |     2 |       |       ||     2
       Short sword       |       |       |   130 |    22 ||   152
       Flail             |       |       |     6 |       ||     6
       Spear             |       |       |     1 |    18 ||    19
       Halberd           |       |       |       |    22 ||    22
Throw: Dart              |       |       |     1 |       ||     1
 Cast: Freeze            |     7 |    10 |     2 |     2 ||    21
       Frozen Ramparts   |       |     4 |    20 |    17 ||    41
       Apportation       |       |       |       |     2 ||     2
Evoke: Wand              |       |       |       |     4 ||     4
  Use: Scroll            |       |       |     7 |     5 ||    12
       Potion            |       |       |     3 |     7 ||    10
 Stab: Sleeping          |     8 |     9 |     1 |       ||    18
       Distracted        |       |       |     1 |       ||     1
Armor: Skin              |     4 |     5 |     7 |     3 ||    19
Dodge: Dodged            |    44 |    93 |   131 |    52 ||   320

Table legend: (Time is in decaauts)
 A = Elapsed time spent in this place.
 B = Non-inter-level travel time spent in this place.
 C = Inter-level travel time spent in this place.
 D = Time resting spent in this place.
 E = Time spent auto-exploring this place.
 F = Levels seen in this place.
 G = Mean time per level.
                   A        B        C        D        E       F      G
               +--------+--------+--------+--------+--------+-----+--------+
         Total |  10818 |  10562 |    256 |   3530 |   4885 |  12 |  901.5 |
       Dungeon |   9250 |   9040 |    210 |   2687 |   4625 |   9 | 1027.8 |
        Temple |    176 |    130 |     46 |      0 |    111 |   1 |  176.0 |
         Sewer |    692 |    692 |      0 |    425 |    129 |   1 |  692.0 |
        Bailey |    698 |    698 |      0 |    418 |     20 |   1 |  698.0 |
               +--------+--------+--------+--------+--------+-----+--------+

Top non-repeatable levels by time:
     D:4: 1610 daAuts
     D:5: 1582 daAuts
     D:1: 1252 daAuts
     D:2: 1229 daAuts
     D:7: 1077 daAuts
     D:6: 978 daAuts
     D:8: 853 daAuts
  Bailey: 698 daAuts
   Sewer: 692 daAuts
     D:3: 613 daAuts
  Temple: 176 daAuts
     D:9: 53 daAuts
